 Dungeon Crawl Stone Soup version 0.21.1-1-g345015f (webtiles) character file.

7914 wojtek the Cleaver (level 11, -13/94 (95) HPs)
             Began as a Minotaur Fighter on July 23, 2018.
             Was a Believer of Makhleb.
             Killed from afar by Josephine (32 damage)
             ... with a ghostly fireball
             ... on level 10 of the Dungeon.
             The game lasted 00:19:39 (10634 turns).

wojtek the Cleaver (Minotaur Fighter)              Turns: 10634, Time: 00:19:40

HP:   -13/94 (95)   AC: 15    Str: 24    XL:     11   Next: 3%
MP:   14/14         EV:  7    Int:  5    God:    Makhleb [**....]
Gold: 365           SH: 11    Dex: 10    Spells: 10/10 levels left

rFire    + . .     SeeInvis .   a - +0 war axe
rCold    . . .     Gourm    +   c - +0 shield
rNeg     . . .     Faith    .   l - +0 plate armour
rPois    +         Spirit   .   K - +1 hat
rElec    .         Reflect  .   x - +0 cloak
rCorr    .         Harm     .   (no gloves)
MR       .....                  (no boots)
Stlth    ..........             g - amulet of the gourmand
HPRegen  0.25/turn              s - ring of poison resistance
MPRegen  0.14/turn              M - ring of protection from fire

@: slowed, heavily drained, very slow
A: retaliatory headbutt, horns 2
a: Minor Destruction, Renounce Religion


You were on level 10 of the Dungeon.
You worshipped Makhleb.
Makhleb was pleased with you.
You were very full.

You visited 2 branches of the dungeon, and saw 11 of its levels.
You also visited: Sewer and Ossuary.

You collected 365 gold pieces.

Inventory:

Hand Weapons
 a - a +0 war axe (weapon)
 b - a +1 demon trident of flaming
Armour
 c - a +0 shield (worn)
 l - a +0 plate armour (worn)
 x - a +0 cloak (worn)
 K - a +1 hat (worn)
Jewellery
 g - an amulet of the gourmand (around neck)
 s - a ring of poison resistance (left hand)
 w - an uncursed ring of positive energy
 J - an uncursed ring of fire
 M - a ring of protection from fire (right hand)
 S - an uncursed ring of protection from magic
Wands
 u - a wand of flame (24)
 F - a wand of enslavement (14)
 L - a wand of iceblast (9)
 N - a wand of paralysis (2)
 P - a wand of polymorph (17)
 X - a wand of clouds (6)
Scrolls
 h - 7 scrolls of identify
 i - 2 scrolls of noise
 n - 2 scrolls of fear {unknown}
 q - 7 scrolls of teleportation
 v - 7 scrolls of remove curse
 y - 2 scrolls of amnesia {unknown}
 D - 2 scrolls of magic mapping {unknown}
 H - a scroll of random uselessness {unknown}
 I - a scroll of immolation {unknown}
 R - a scroll of acquirement {unknown}
 T - a scroll of summoning {unknown}
 U - a scroll of blinking {unknown}
 V - a scroll of enchant armour {unknown}
 W - a scroll of torment {unknown}
 Z - a scroll of enchant weapon {unknown}
Potions
 d - 4 potions of might
 e - 2 potions of degeneration {unknown}
 j - 4 potions of haste
 k - 4 potions of cancellation
 m - 3 potions of flight
 o - 4 potions of curing
 p - 2 potions of mutation {unknown}
 z - 3 potions of agility
 A - a potion of brilliance {unknown}
 B - 3 potions of heal wounds
 C - 3 potions of magic {unknown}
 G - a potion of invisibility {unknown}
 O - a potion of lignification {unknown}
 Q - a potion of resistance {unknown}
Books
 r - a book of Misfortune

   Spells                             Type                      Level
   a - Confusing Touch                Hexes                        1
   b - Confuse                        Hexes                        3
   c - Gell's Gravitas                Translocation                3
   d - Petrify                        Transmutation/Earth          4
   e - Metabolic Englaciation         Hexes/Ice                    5
   f - Yara's Violent Unravelling     Hexes/Transmutation          5
 t - a book of Geomancy

   Spells                             Type                      Level
   a - Sandblast                      Earth                        1
   b - Passwall                       Transmutation/Earth          2
   c - Stone Arrow                    Conjuration/Earth            3
   d - Petrify                        Transmutation/Earth          4
   e - Lee's Rapid Deconstruction     Earth                        5
Comestibles
 f - 11 rations


   Skills:
 + Level 8.6(6.7) Fighting
 + Level 10.6(8.7) Axes
 + Level 8.6(6.7) Armour
 + Level 6.9(5.1) Dodging
 + Level 8.4(6.6) Shields
 * Level 5.6(3.9) Invocations
 + Level 3.5(1.9) Evocations


You had 10 spell levels left.
You didn't know any spells.

Dungeon Overview and Level Annotations

Branches:
Dungeon (10/15)            Temple (1/1) D:4
   Lair: D:8-11         Orc: D:9-12

Altars:
Ashenzari
Cheibriados
Dithmenos
Elyvilon
Fedhas
Gozag
Hepliaklqana
Kikubaaqudgha
Makhleb
Nemelex Xobeh
Okawaru
Qazlal
Ru
Sif Muna
Trog
Uskayaw
Vehumet
Wu Jian
Xom
Yredelemnul
Zin
The Shining One

Shops:
D:7 }   D:8 [

Annotations:
D:9 wojtek's ghost, novice MiFi
D:10 Josephine


Innate Abilities, Weirdness & Mutations

You reflexively headbutt those who attack you in melee.
You have a pair of horns on your head.


Message History

You block the wraith's attack. Josephine hits you but does no damage.
The wraith hits you.
* * * LOW HITPOINT WARNING * * *
The wraith barely misses you. The wraith hits you but does no damage.
Unknown command.
Unknown command.
Unknown command.
You slash Josephine!
Josephine is heavily wounded.
You closely miss the wraith. You hit the wraith but do no damage.
Your shield and plate armour prevent you from hitting the wraith.
You hit the wraith. The wraith hits you.
* * * LOW HITPOINT WARNING * * *
Josephine hits you with a dagger of speed.
* * * LOW HITPOINT WARNING * * *
The wraith barely misses you. You furiously retaliate!
You headbutt the wraith. You block the wraith's attack. x2
Josephine casts a spell at you.
The ghostly flame explodes!
The ghostly fireball engulfs you!
You feel drained.
You die...

#<.................(..
......................
......................
.............#########
............)#
.............#########.
....^..................
#####...#######...####
## #...# #W@W# .. ....#
#W@W...... .. .......
...........
........................
########..............[.
....>......./...
................ #####
............... .....


You could see Josephine and 4 wraiths.

Vanquished Creatures
  2 two-headed ogres (D:9)
  Urug (D:10)
  Pikel (D:4)
  An ugly thing (D:9)
  A cyclops (D:7)
  Grinder (D:5)
  A hippogriff (D:10)
  A wraith (D:10)
  Sigmund (D:3)
  Edmund (D:5)
  Duvessa (D:4)
  A necrophage (D:7)
  3 orc warriors
  2 slaves (D:4)
  A black bear (D:6)
  2 ogres
  2 phantoms
  The ghost of Ethylacetat the Poker, an amateur NaGl of Lugonu (D:3)
  A centaur (D:6)
  A crocodile (D:7)
  A big kobold (D:7)
  Blork the orc (D:5)
  6 bullfrogs
  3 elf skeletons (D:8)
  Dowan (D:4)
  9 scorpions
  3 killer bees
  A howler monkey (D:5)
  A crimson imp (D:6)
  3 centaur zombies
  2 human zombies (Ossuary)
  2 orc priests
  3 hounds
  Crazy Yiuf (D:4)
  A jelly (D:8)
  A centaur skeleton (D:7)
  Jessica (D:3)
  An iguana (D:8)
  6 orc wizards
  4 worker ants
  A killer bee zombie (D:9)
  3 big kobold zombies (Ossuary)
  3 mummies (Ossuary)
  2 worker ant zombies
  Robin (D:2)
  4 gnolls (D:10)
  A howler monkey skeleton (D:6)
  10 adders
  4 scorpion zombies (Ossuary)
  3 shadow imps
  2 adder skeletons
  2 adder zombies
  7 worms
  A dart slug (D:1)
  7 leopard geckos
  24 orcs
  4 ball pythons
  2 giant cockroaches
  2 gnoll zombies (Ossuary)
  11 goblins
  11 hobgoblins
  13 kobolds
  7 quokkas
  9 bats
  12 frilled lizards
  A goblin zombie (Ossuary)
  2 leopard gecko skeletons (D:4)
  3 orc skeletons (D:8)
  2 orc zombies (Ossuary)
  A quokka zombie (D:7)
  10 rats
  A withered plant (D:8)
243 creatures vanquished.

Vanquished Creatures (others)
  A slave (D:5)
1 creature vanquished.

Grand Total: 244 creatures vanquished

Notes
Turn   | Place    | Note
-------+----------+-------------------------------------------
     0 | D:1      | wojtek the Minotaur Fighter began the quest for the Orb.
     0 | D:1      | Reached XP level 1. HP: 19/19 MP: 0/0
    67 | D:1      | Reached skill level 3 in Axes
   141 | D:1      | Reached XP level 2. HP: 26/26 MP: 1/1
   296 | D:1      | Reached skill level 4 in Axes
   454 | D:2      | Reached XP level 3. HP: 31/31 MP: 2/2
   790 | D:2      | Noticed Robin
   844 | D:2      | Reached skill level 5 in Axes
   864 | D:2      | Killed Robin
   864 | D:2      | Reached XP level 4. HP: 22/39 MP: 3/3
  1485 | D:3      | Noticed Ethylacetat's ghost (amateur NaGl)
  1646 | D:3      | Noticed Sigmund
  1659 | D:3      | Killed Sigmund
  1659 | D:3      | Reached skill level 7 in Axes
  1659 | D:3      | Reached XP level 5. HP: 40/45 MP: 4/4
  1809 | D:3      | Noticed Jessica
  1814 | D:3      | Killed Jessica
  1814 | D:3      | Reached XP level 6. HP: 36/52 MP: 5/5
  1847 | D:4      | Noticed a slave
  1849 | D:4      | Noticed Pikel
  1849 | D:4      | Noticed a slave
  1849 | D:4      | Noticed a slave
  1850 | D:4      | Noticed a slave
  2105 | D:4      | Noticed Duvessa
  2105 | D:4      | Noticed Dowan
  2130 | D:4      | Killed Dowan
  2134 | D:4      | Killed Duvessa
  2134 | D:4      | Reached skill level 1 in Dodging
  2388 | D:4      | Reached XP level 7. HP: 56/60 MP: 6/6
  2522 | D:4      | Killed Pikel
  2522 | D:4      | Reached skill level 5 in Fighting
  2522 | D:4      | Reached skill level 8 in Axes
  2522 | D:4      | Reached skill level 5 in Armour
  2522 | D:4      | Reached skill level 5 in Shields
  2522 | D:4      | Reached XP level 8. HP: 27/68 MP: 7/7
  3048 | D:4      | Found a staircase to the Ecumenical Temple.
  3202 | D:4      | Found a bloodstained altar of Trog.
  3228 | Temple   | Entered the Ecumenical Temple
  3452 | D:4      | Found a runed door.
  3795 | D:4      | Noticed Crazy Yiuf
  3804 | D:4      | Killed Crazy Yiuf
  3876 | D:5      | Entered Level 5 of the Dungeon
  3912 | D:5      | Noticed Grinder
  4035 | D:5      | Found a glowing drain.
  4051 | Sewer    | Entered a sewer
  4341 | D:5      | Found a glowing golden altar of the Shining One.
  4371 | D:5      | Noticed Edmund
  4372 | D:5      | Noticed Blork the orc
  4501 | D:3      | Killed Ethylacetat's ghost
  4878 | D:5      | Paralysed by Grinder for 4 turns
  4897 | D:5      | Paralysed by Grinder for 7 turns
  4907 | D:5      | Killed Grinder
  5085 | D:5      | Killed Blork the orc
  5369 | D:5      | Killed Edmund
  5369 | D:5      | Reached skill level 9 in Axes
  6257 | D:6      | Reached XP level 9. HP: 78/78 MP: 8/8
  6734 | D:7      | Reached skill level 5 in Dodging
  7503 | D:7      | Found a burning altar of Makhleb.
  7514 | D:7      | Became a worshipper of Makhleb the Destroyer
  7550 | D:7      | Found a blossoming altar of Fedhas.
  7592 | D:7      | Noticed a cyclops
  7610 | D:7      | Reached skill level 1 in Invocations
  7611 | D:7      | Killed a cyclops
  7611 | D:7      | Reached skill level 1 in Evocations
  7866 | D:7      | Found Cyjus's Gadget Shoppe.
  8147 | D:8      | Found Miuhag's Antique Armour Shoppe.
  8376 | D:8      | Found an ancient bone altar of Kikubaaqudgha.
  8427 | D:8      | Reached * piety under Makhleb
  8427 | D:8      | Reached skill level 10 in Axes
  8466 | D:8      | Found a sand-covered staircase.
  8479 | Ossuary  | Entered an ossuary
  8712 | Ossuary  | Reached XP level 10. HP: 77/85 MP: 11/11
  8963 | D:8      | Reached ** piety under Makhleb
  9181 | D:8      | Found an opulent altar of Gozag.
  9562 | D:9      | Noticed wojtek's ghost (novice MiFi)
  9784 | D:9      | Noticed a two-headed ogre
  9794 | D:9      | Killed a two-headed ogre
  9946 | D:9      | Noticed a two-headed ogre
  9958 | D:9      | Killed a two-headed ogre
 10189 | D:9      | Noticed a cyan ugly thing
 10198 | D:9      | Killed a cyan ugly thing
 10198 | D:9      | Reached skill level 5 in Invocations
 10353 | D:10     | Entered Level 10 of the Dungeon
 10503 | D:10     | Noticed Urug
 10531 | D:10     | Killed Urug
 10607 | D:10     | Reached XP level 11. HP: 94/94 MP: 14/14
 10620 | D:10     | Noticed Josephine
 10634 | D:10     | Killed from afar by Josephine

Skill      XL: |  1  2  3  4  5  6  7  8  9 10 |
---------------+-------------------------------+-----
Axes           | 3 4 5 7 8 9 10 | 10.6
Fighting       | 4 5 6 7 8 |  8.6
Armour         | 4 5 6 7 8 |  8.6
Dodging        | 1 3 4 5 6 |  6.9
Shields        | 4 5 6 7 8 |  8.4
Invocations    | 3 5 |  5.6
Evocations     | 1 3 |  3.5

Action                   |  1- 3 |  4- 6 |  7- 9 | 10-12 || total
-------------------------+-------+-------+-------+-------++-------
Melee: War axe           |   101 |    94 |   409 |   208 ||   812
       Headbutt          |    11 |    18 |    80 |    55 ||   164
       Demon trident     |       |       |       |     8 ||     8
Evoke: Wand              |       |       |       |     3 ||     3
  Use: Scroll            |       |       |       |     9 ||     9
 Stab: Paralysed         |       |       |       |    12 ||    12
  Eat: Chunk             |       |     5 |    14 |    22 ||    41
       Ration            |       |       |     2 |       ||     2
Armor: Scale mail        |    28 |    35 |    67 |       ||   130
       Plate armour      |       |       |    68 |    85 ||   153
Dodge: Dodged            |    30 |    24 |   112 |    40 ||   206
Block: Shield            |    56 |    48 |   189 |   106 ||   399
